 Dungeon Crawl Stone Soup version 0.29.1-15-g9cfb28693d (webtiles) character file.

Game seed: 9858305194479517527

23 Peloso the Trooper (level 2, -1/27 HPs)
             Began as a Minotaur Fighter on Apr 2, 2023.
             Slain by an orc
             ... wielding a +0 hand axe
              (3 damage)
             ... on level 2 of the Dungeon.
             The game lasted 00:02:27 (1052 turns).

Peloso the Trooper (Minotaur Fighter)               Turns: 1052, Time: 00:02:27

Health: -1/27      AC:  9    Str: 20    XL:     2   Next: 72%
Magic:  1/1        EV:  7    Int:  5    God:
Gold:   41         SH:  0    Dex:  9    Spells: 1/1 levels left

rFire   . . .      SeeInvis .   a - +0 long sword
rCold   . . .      Faith    .   d - +0 buckler
rNeg    . . .      Spirit   .   c - +0 chain mail
rPois   .          Reflect  .   (helmet restricted)
rElec   .          Harm     .   (no cloak)
rCorr   .          Rampage  .   (no gloves)
Will    .....                   (no boots)
Stlth   ..........              (no amulet)
HPRegen 0.09/turn               (no ring)
MPRegen 0.07/turn               (no ring)

@: confused
A: horns 2, retaliatory headbutt
a: no special abilities


You were on level 2 of the Dungeon.
You visited 1 branch of the dungeon, and saw 2 of its levels.

You collected 41 gold pieces.

Inventory:

Hand Weapons
 a - a +0 long sword (weapon)
Armour
 b - a +0 scale mail
 c - a +0 chain mail (worn)
 d - a +0 buckler (worn)
Jewellery
 i - a ring of positive energy
Scrolls
 h - a scroll of enchant weapon {unknown}
Potions
 f - a potion of haste
 g - a potion of might


   Skills:
 + Level 4.1 Fighting
 + Level 2.6 Long Blades
 + Level 4.1 Armour
 + Level 4.0 Shields


You had one spell level left.
You didn't know any spells.
Your spell library was empty.

Dungeon Overview and Level Annotations

Branches:
Dungeon (2/15)

Altars:


Innate Abilities, Weirdness & Mutations

You have a pair of horns on your head.
You reflexively headbutt those who attack you in melee.


Message History

An orc comes into view. It is wielding a +0 hand axe.
The orc wizard gestures at you while chanting.
The magic dart hits you.
* * * LOW HITPOINT WARNING * * *
The orc shouts!
You hit the orc wizard.
The orc wizard is moderately wounded.
The orc wizard hits you but does no damage.
You barely miss the orc wizard. Your headbutt misses the orc wizard.
The orc wizard is moderately wounded.
The orc wizard hits you but does no damage.
The orc wizard barely misses you.
You hit the orc wizard but do no damage.
You headbutt the orc wizard.
The orc wizard is heavily wounded.
The orc wizard hits you but does no damage.
You hit the orc wizard.
The orc wizard is almost dead.
The orc wizard points at you and mumbles some strange words.
You are confused.
You're too confused to move!
The orc closely misses you. The orc wizard barely misses you.
You closely miss the orc wizard.
You headbutt the orc wizard, but do no damage.
The orc wizard is almost dead.
The orc hits you but does no damage.
The orc wizard hits you with a +0 dagger.
* * * LOW HITPOINT WARNING * * *
The orc closely misses you.
The orc wizard hits you but does no damage.
You hit the orc wizard but do no damage.
Your headbutt misses the orc wizard.
The orc wizard is almost dead.
The orc hits you with a +0 hand axe.
* * * LOW HITPOINT WARNING * * *
The orc wizard hits you but does no damage.
You closely miss the orc wizard.
The orc wizard is almost dead.
The orc hits you with a +0 hand axe.
You die...

###.........#
............#
.........####
......#####.#
..###...###.#######
..#
###...........##
### ####.........#
##.##.##o.##
#.##..@o..####
###+##.##......#
#......##).###.#
#.....###..#
#.....# #..#
#.....# #..#
#.....# #...
#.....# #.###
####### #.#


You could see an orc wizard and an orc.

Vanquished Creatures
  2 orcs (D:2)
  4 endoplasms
  2 giant cockroaches
  A goblin (D:1)
  2 hobgoblins
  5 bats
  A kobold (D:2)
  A rat (D:1)
18 creatures vanquished.

Notes
Turn   | Place    | Note
-------+----------+-------------------------------------------
     0 | D:1      | Peloso the Minotaur Fighter began the quest for the Orb.
     0 | D:1      | Reached XP level 1. HP: 19/19 MP: 0/0
   383 | D:1      | Reached XP level 2. HP: 27/27 MP: 1/1
   457 | D:1      | Found a faded altar of an unknown god.
  1052 | D:2      | Slain by an orc

Illustrated notes

Levels and vault maps discovered:
D:1:      psy_arrival_radial02, layout_basic, chequers_ecumenical_altar_island
D:2:      layout_basic, st_stairs_2

Skill      XL: |  1  2 |
---------------+-------+-----
Fighting       | 4 |  4.1
Armour         | 4 |  4.1
Shields        | 4 |  4.0
Long Blades    | |  2.6

Action                   || total
-------------------------++-------
Melee: Long sword        ||    44
       Headbutt          ||     8
  Use: Scroll            ||     4
       Potion            ||     2
Armor: Scale mail        ||     6
       Chain mail        ||    23
Dodge: Dodged            ||    23
Block: Buckler           ||    11
